Map: Ulrena

Players

desRow - Winner!

  • Race: Protoss Protoss
  • League: Master

Walla

  • Race: Terran Terran
  • League: Platinum

VOD

Have the link to the VOD?

Description

Time

  • Played on: Nov. 10, 2015, 5:48 p.m.
  • Length: 5:52
Show
View Real Time Build Order
Export as new Build Order

desRow Protoss - Winner!

Build Orders: Blink Stalkers 

Get SALT Encoding   

  12  0:02  Probe (Chrono Boost)  
  13  0:12  Probe (Chrono Boost)  
  14  0:19  Pylon  
  14  0:23  Probe (Chrono Boost)  
  15  0:37  Probe (Chrono Boost)  
  15  0:39  Gateway  
  16  0:48  Probe (Chrono Boost)  
  16  0:49  Assimilator  
  17  0:58  Probe (Chrono Boost)  
  17  1:00  Assimilator  
  18  1:09  Probe (Chrono Boost)  
  19  1:14  Pylon  
  19  1:20  Probe (Chrono Boost)  
  20  1:29  Cybernetics Core  
  20  1:30  Probe (Chrono Boost)  
  21  1:41  Probe (Chrono Boost)  
  22  1:51  Probe (Chrono Boost)  
  23  2:00  Nexus  
  23  2:05  Mothership Core (Chrono Boost)  
  23  2:07  Warp Gate  
  25  2:15  Stalker  
  27  2:24  Probe (Chrono Boost)  
  28  2:33  Robotics Facility  
  28  2:39  Probe (Chrono Boost)  
  29  2:49  Probe (Chrono Boost)  
  30  2:54  Twilight Council  
  30  3:00  Probe (Chrono Boost)  
  31  3:06  Pylon  
  31  3:12  Probe (Chrono Boost)  
  32  3:14  Stalker  
  32  3:15  Probe (Chrono Boost)  
  35  3:22  Probe, Observer (Chrono Boost)  
  35  3:25  Probe  
  38  3:35  Probe x2  
  40  3:42  Observer (Chrono Boost)  
  40  3:46  Probe  
  40  3:47  Probe  
  43  3:49  Blink (Chrono Boost)  
  42  3:56  Probe  
  42  3:59  Probe  
  44  4:07  Probe  
  43  4:11  Probe  
  43  4:16  Stalker  
  44  4:17  Probe  
  44  4:23  Probe  
  46  4:28  Probe  
  46  4:29  Observer  
  48  4:33  Gateway  
  48  4:35  Gateway, Probe  
  48  4:39  Stalker, Probe  
  51  4:47  Probe  
  52  5:00  Assimilator  
  52  5:02  Pylon  
  52  5:03  Stalker  
  54  5:15  Warp Prism  
  54  5:31  Stalker  
  54  5:33  Probe  
  54  5:34  Probe  
  58  5:41  Stalker x2  
  62  5:45  Nexus  
Show
View Real Time Build Order
Export as new Build Order

Walla Terran 

Build Orders:  

Get SALT Encoding   

  12  0:01  SCV  
  13  0:14  SCV  
  14  0:17  Supply Depot  
  14  0:26  SCV  
  15  0:28  Refinery  
  15  0:39  SCV  
  16  0:46  Barracks  
  16  0:51  SCV  
  17  1:03  SCV, Refinery  
  18  1:15  SCV  
  19  1:27  SCV  
  20  1:33  Ghost Academy  
  20  1:35  Supply Depot  
  20  1:39  Barracks Tech Lab  
  20  1:41  SCV  
  21  1:54  Orbital Command  
  21  2:10  Ghost  
  23  2:23  Personal Cloaking  
  23  2:26  SCV  
  24  2:39  Ghost  
  24  2:42  SCV  
  27  2:52  Supply Depot  
  27  2:54  SCV  
  28  3:01  Engineering Bay  
  28  3:06  SCV  
  28  3:12  Ghost  
  29  3:18  SCV  
  32  3:28  Missile Turret  
  32  3:30  SCV  
  31  3:43  SCV  
  32  3:55  SCV, Ghost  
  33  4:07  SCV  
  34  4:13  Command Center  
  32  4:23  Ghost  
  34  4:29  Barracks  
  34  4:32  Barracks  
  34  4:38  SCV  
  33  4:57  Marauder  
  35  5:03  SCV  
  36  5:10  Supply Depot  
  34  5:27  Barracks Reactor x2  
  32  5:29  Marauder  
  32  5:32  Supply Depot  
Tags
 
Add a new tag
Caveats
  • Supply blocks, unpowered buildings, or Contaminate may cause inaccurate times.
  • Supply counts are checked every 10 seconds.